 Dungeon Crawl Stone Soup version 0.29.1-2-gbd0b4ee654 (webtiles) character file.

Game seed: 667502586505833387

46752 BlackCrag the Bludgeoner (level 14, -1/129 HPs)
             Began as a Minotaur Berserker on Oct 27, 2022.
             Was a High Priest of Trog.
             Succumbed to a merfolk impaler's poison
             ... on level 1 of the Shoals on Oct 28, 2022.
             The game lasted 01:25:06 (14606 turns).

BlackCrag the Bludgeoner (Minotaur Berserker)      Turns: 14606, Time: 01:25:07

Health: -1/129     AC: 21    Str: 26    XL:     14   Next: 6%
Magic:  13/13      EV: 17    Int:  4    God:    Trog [*****.]
Gold:   1321       SH:  0    Dex: 11    Spells: 13/13 levels left

rFire   + + .      SeeInvis .   G - +0 great mace
rCold   . . .      Faith    .   (shield currently unavailable)
rNeg    . . .      Spirit   .   T - +4 scale mail {rF+}
rPois   .          Reflect  .   (helmet restricted)
rElec   .          Harm     .   s - +0 cloak
rCorr   .          Rampage  .   j - +2 pair of gloves
Will    +....                   u - +2 pair of boots
Stlth   +.........              h - amulet of regeneration
HPRegen 1.11/turn               v - ring of protection from fire
MPRegen 0.13/turn               D - +4 ring of evasion

@: lethally poisoned (-1 -> -15), on berserk cooldown, slowed, very slow
A: horns 2, retaliatory headbutt
a: Renounce Religion, Berserk, Trog's Hand, Brothers in Arms


You were on level 1 of the Shoals.
You worshipped Trog.
Trog was extremely pleased with you.
You visited 4 branches of the dungeon, and saw 17 of its levels.
You also visited: Ossuary.

You collected 1321 gold pieces.

Inventory:

Hand Weapons
 t - a +0 mace of holy wrath
 w - a +1 battleaxe
 G - a +0 great mace (weapon)
Missiles
 E - 2 throwing nets
 F - 17 poisoned darts (quivered)
Armour
 j - a +2 pair of gloves (worn)
 s - a +0 cloak (worn)
 u - a +2 pair of boots (worn)
 T - a +4 scale mail of fire resistance (worn)
Jewellery
 d - a ring of flight
 e - a ring of resist corrosion
 h - an amulet of regeneration (around neck)
 v - a ring of protection from fire (left hand)
 x - a ring of protection from fire
 D - a +4 ring of evasion (right hand)
Wands
 p - a wand of digging (2)
 q - a wand of charming (18)
 H - a wand of iceblast (5)
 I - a wand of flame (39)
 P - a wand of acid (4)
 S - a wand of mindburst (3)
Scrolls
 c - 2 scrolls of acquirement {unknown}
 f - a scroll of fear
 g - 14 scrolls of teleportation
 r - 4 scrolls of blinking
 y - 2 scrolls of torment
 A - 2 scrolls of enchant armour
 B - a scroll of silence
 C - a scroll of enchant weapon
 K - 3 scrolls of brand weapon {unknown}
 N - a scroll of poison {unknown}
 O - a scroll of butterflies
 R - a scroll of magic mapping
Potions
 a - 3 potions of invisibility
 b - 13 potions of curing
 i - 2 potions of heal wounds
 k - 3 potions of haste
 l - a potion of flight
 m - 4 potions of berserk rage
 o - 2 potions of might
 z - 2 potions of ambrosia
 J - a potion of resistance
 M - a potion of cancellation {unknown}
 Q - a potion of magic {unknown}
Miscellaneous
 n - a box of beasts


   Skills:
 * Level 13.5 Fighting
 + Level 11.5(16.4) Axes
 * Level 18.6(19.7) Maces & Flails
 + Level 4.3 Throwing
 + Level 10.4 Armour
 + Level 8.6 Dodging
 + Level 3.0 Stealth
 + Level 0.1 Evocations


You had 13 spell levels left.
You didn't know any spells.
Your spell library was empty.

Dungeon Overview and Level Annotations

Branches:
Dungeon (10/15)            Temple (1/1) D:5            Lair (5/5) D:10
 Shoals (1/4) Lair:2       Spider (0/4) Lair:3        Slime (0/5) Lair:4
Ossuary (visited)
    Orc: D:9-12

Altars:
Ashenzari
Cheibriados
Dithmenos
Elyvilon
Fedhas
Gozag
Hepliaklqana
Kikubaaqudgha
Makhleb
Nemelex Xobeh
Okawaru
Qazlal
Ru
Sif Muna
Trog
Uskayaw
Vehumet
Wu Jian
Xom
Yredelemnul
Zin
The Shining One
Jiyva

Shops:
D:1 (


Innate Abilities, Weirdness & Mutations

You have a pair of horns on your head.
You reflexively headbutt those who attack you in melee.


Message History

The merfolk impaler closely misses you.
You closely miss the merfolk impaler.
Your headbutt misses the merfolk impaler.
The merfolk impaler is lightly wounded.
You feel sick. The merfolk closely misses you.
You miss the merfolk impaler.
The merfolk impaler is lightly wounded.
You feel sick.
The merfolk impaler hits you with a +3 trident of venom!
* * * LOW HITPOINT WARNING * * *
You pound the merfolk impaler like an anvil!!!
The merfolk impaler is severely wounded.
You feel sick.
The merfolk impaler hits you with a +3 trident of venom!
* * * LOW HITPOINT WARNING * * *
You are lethally poisoned!
You hammer the merfolk impaler like a gong!!!
You kill the merfolk impaler!
Trog accepts your kill.
* * * LOW HITPOINT WARNING * * *
You feel very sick. The merfolk completely misses you.
You bludgeon the merfolk!! You headbutt the merfolk!
The merfolk is severely wounded.
* * * LOW HITPOINT WARNING * * *
You feel very sick.
You bludgeon the merfolk!!
You kill the merfolk!
Trog accepts your kill.
* * * LOW HITPOINT WARNING * * *
You feel very sick.
You are too berserk!
Okay, then.
* * * LOW HITPOINT WARNING * * *
You feel very sick.
You feel a strong urge to attack something.
You are no longer berserk.
You are exhausted.
You feel yourself slow down.
You die...

~.....~~~...
~~~~~~~...~~~.
~~~~~[.......
~~~~~...#...#
~~~~~~......##
~~~~~~~...<..# .
~~~~~~.##....##..#
~~.~~~.)##.....#
~~~~~~))#@..####
~~~~~~.)....#
~~~~~~~)....#
~~~~~~~~~~~.#
~~~~~~~~~~~(....
~~~~~~~~~~.....~
≈≈≈≈≈≈~~~~~~~~~~~
~~≈≈≈≈≈~~~~~~~~~~
~≈≈≈≈≈≈≈~~~~~~~~


There were no monsters in sight!

Vanquished Creatures
  A merfolk impaler (Shoals:1)
  8 hydras
  2 boulder beetles (D:10)
  4 catoblepae
  A two-headed ogre (D:9)
  3 death yaks (Lair:5)
  A tengu warrior (D:9)
  A lindwurm (Lair:5)
  A deep elf pyromancer (D:10)
  2 manticores (Lair:5)
  2 ugly things (D:10)
  A cyclops (D:10)
  Maurice (D:8)
  4 black mambas
  23 elephants
  2 gargoyles (D:10)
  8 cane toads
  A yaktaur (D:10)
  3 rime drakes
  A kobold demonologist (D:10)
  6 komodo dragons
  A tengu conjurer (D:9)
  2 polar bears
  4 merfolk (Shoals:1)
  A hornet (D:8)
  A slime creature (D:10)
  A raiju (shapeshifter) (D:10)
  2 dream sheep (Lair:5)
  8 blink frogs
  A shadow (D:10)
  33 yaks
  2 wraiths (D:10)
  6 wyverns
  2 redbacks (Lair:3)
  4 basilisks
  A steam dragon (Lair:2)
  2 vampire mosquitoes (D:10)
  An acid dragon (D:10)
  12 water moccasins
  Duvessa (D:5)
  An orc warrior (D:10)
  2 sky beasts (D:8)
  A black bear (Lair:3)
  7 wolves
  3 ogres
  4 centaurs
  4 phantoms
  3 kobold brigands
  2 scorpions
  7 bullfrogs
  A necrophage (D:6)
  2 gnoll sergeants (D:9)
  Dowan (D:5)
  10 killer bees (D:9)
  3 howler monkeys
  2 gnoll boudas
  5 hounds
  4 orc priests
  4 jellies
  4 iguanas
  9 orc wizards
  3 mummies (Ossuary)
  15 gnolls
  4 adders
  2 shadow imps
  2 white imps
  4 adder zombies (Ossuary)
  4 worms
  2 dart slugs
  29 orcs
  3 bats
  6 endoplasms
  9 giant cockroaches
  6 goblins
  3 hobgoblins
  5 jackals
  11 kobolds
  4 ball pythons
  6 frilled lizards
  4 goblin zombies (Ossuary)
  A hobgoblin zombie (Ossuary)
  4 kobold zombies (Ossuary)
  3 quokka zombies (Ossuary)
  5 rats
  2 rat zombies (Ossuary)
377 creatures vanquished.

Vanquished Creatures (others)
  An orc wizard (D:10)
  15 fungi
  24 plants
40 creatures vanquished.

Grand Total: 417 creatures vanquished

Notes
Turn   | Place    | Note
-------+----------+-------------------------------------------
     0 | D:1      | BlackCrag the Minotaur Berserker began the quest for the
                  | Orb.
     0 | D:1      | Reached XP level 1. HP: 19/19 MP: 0/0
   263 | D:1      | Reached XP level 2. HP: 27/27 MP: 1/1
   322 | D:1      | Found a faded altar of an unknown god.
   494 | D:1      | Reached skill level 4 in Maces & Flails
   513 | D:1      | Found Ned Deme's Weapon Boutique.
   889 | D:2      | Reached XP level 3. HP: 33/33 MP: 2/2
  1512 | D:3      | Reached ** piety under Trog
  1652 | D:3      | Reached XP level 4. HP: 40/41 MP: 3/3
  1658 | D:3      | Reached skill level 5 in Maces & Flails
  1697 | D:3      | Found a sacrificial altar of Ru.
  2235 | D:4      | Noticed a scorpion
  2242 | D:4      | Killed a scorpion
  2243 | D:4      | Reached XP level 5. HP: 41/47 MP: 4/4
  2329 | D:4      | Noticed an ogre
  2332 | D:4      | Killed an ogre
  2333 | D:4      | Reached skill level 6 in Maces & Flails
  2333 | D:4      | Reached XP level 6. HP: 53/53 MP: 5/5
  3278 | D:5      | Entered Level 5 of the Dungeon
  3278 | D:5      | Noticed Dowan
  3282 | D:5      | Noticed Duvessa
  3289 | D:5      | Killed Duvessa
  3290 | D:5      | Reached skill level 5 in Fighting
  3294 | D:5      | Killed Dowan
  3295 | D:5      | Reached skill level 7 in Maces & Flails
  3301 | D:5      | Reached skill level 5 in Armour
  3301 | D:5      | Reached XP level 7. HP: 50/61 MP: 6/6
  3441 | D:5      | Reached *** piety under Trog
  3545 | D:5      | Found a staircase to the Ecumenical Temple.
  3554 | Temple   | Entered the Ecumenical Temple
  4303 | D:6      | Reached skill level 8 in Maces & Flails
  4306 | D:6      | Reached skill level 1 in Axes
  4306 | D:6      | Reached XP level 8. HP: 67/70 MP: 7/7
  4781 | D:6      | Reached skill level 5 in Axes
  5233 | D:7      | Found a sand-covered staircase.
  5238 | Ossuary  | Entered an ossuary
  5298 | Ossuary  | Reached **** piety under Trog
  5316 | Ossuary  | Reached XP level 9. HP: 78/78 MP: 8/8
  5532 | D:7      | Found a shimmering altar of Xom.
  5533 | D:7      | Found a shadowy altar of Dithmenos.
  5573 | D:7      | Found an opulent altar of Gozag.
  6075 | D:8      | Found a radiant altar of Vehumet.
  6131 | D:8      | Found a glowing golden altar of the Shining One.
  6180 | D:8      | Found a broken altar of Ashenzari.
  6180 | D:8      | Noticed Maurice
  6192 | D:8      | Found an opulent altar of Gozag.
  6201 | D:8      | Killed Maurice
  6360 | D:8      | Reached skill level 1 in Stealth
  6572 | D:8      | Found a hide-covered altar of Uskayaw.
  6891 | D:9      | Reached skill level 10 in Axes
  6923 | D:9      | Noticed a tengu conjurer
  6927 | D:9      | Noticed a tengu warrior
  6931 | D:9      | Killed a tengu conjurer
  6935 | D:9      | Reached XP level 10. HP: 86/86 MP: 9/9
  6945 | D:9      | Killed a tengu warrior
  7097 | D:9      | Found a sparkling altar of Nemelex Xobeh.
  7765 | D:10     | Entered Level 10 of the Dungeon
  7797 | D:10     | Noticed a gargoyle
  7799 | D:10     | Noticed a two-headed ogre
  7817 | D:10     | Noticed a six-headed hydra
  7819 | D:10     | Noticed a red ugly thing
  7822 | D:10     | Killed a gargoyle
  7825 | D:10     | Noticed a catoblepas
  7826 | D:10     | Noticed a seven-headed hydra
  7831 | D:10     | Killed a seven-headed hydra
  7832 | D:10     | Reached skill level 9 in Maces & Flails
  7832 | D:10     | Reached skill level 1 in Throwing
  7832 | D:10     | Reached skill level 5 in Dodging
  7835 | D:10     | Noticed a red ugly thing
  7837 | D:10     | Noticed a boulder beetle
  7840 | D:9      | Killed a two-headed ogre
  7949 | D:10     | Noticed a deep elf pyromancer
  7958 | D:10     | Killed a deep elf pyromancer
  8076 | D:10     | Reached skill level 10 in Maces & Flails
  8094 | D:10     | Reached XP level 11. HP: 84/97 MP: 10/10
  8452 | D:10     | Noticed a boulder beetle
  8493 | D:10     | Killed a boulder beetle
  8494 | D:10     | Reached skill level 11 in Maces & Flails
  8695 | D:10     | Killed a six-headed hydra
  8763 | D:10     | Killed a catoblepas
  8764 | D:10     | Reached skill level 12 in Maces & Flails
  8926 | D:10     | Noticed a sun demon
  8942 | D:10     | Reached skill level 10 in Fighting
  9034 | D:10     | Killed a boulder beetle
  9085 | D:10     | Killed a cyan ugly thing
  9086 | D:10     | Reached skill level 13 in Maces & Flails
  9093 | D:10     | Killed a red ugly thing
  9243 | D:10     | Found a snail-covered altar of Cheibriados.
  9302 | D:10     | Found a staircase to the Lair.
  9411 | D:10     | Found a white marble altar of Elyvilon.
  9451 | Lair:1   | Entered Level 1 of the Lair of Beasts
  9570 | Lair:1   | Reached XP level 12. HP: 108/108 MP: 11/11
 10203 | Lair:1   | Reached skill level 14 in Maces & Flails
 10733 | Lair:2   | Found a shimmering blue altar of Sif Muna.
 10766 | Lair:2   | Reached skill level 15 in Maces & Flails
 11039 | Lair:2   | Found a staircase to the Shoals.
 11796 | Lair:3   | Noticed a seven-headed hydra
 11805 | Lair:3   | Killed a seven-headed hydra
 11826 | Lair:3   | Reached skill level 10 in Armour
 11971 | Lair:3   | Found a hole to the Spider Nest.
 12108 | Lair:3   | Noticed a five-headed hydra
 12121 | Lair:3   | Killed a five-headed hydra
 12621 | Lair:4   | Noticed an eight-headed hydra
 12633 | Lair:4   | Reached XP level 13. HP: 118/118 MP: 12/12
 12643 | Lair:4   | Reached ***** piety under Trog
 12808 | Lair:4   | Reached skill level 16 in Maces & Flails
 12878 | Lair:4   | You fall into a shaft and drop 1 floor!
 12878 | Lair:5   | Entered Level 5 of the Lair of Beasts
 13018 | Lair:4   | Found a viscous altar of Jiyva.
 13018 | Lair:4   | Found a staircase to the Slime Pits.
 13381 | Lair:5   | Reached skill level 17 in Maces & Flails
 13940 | Lair:5   | Reached skill level 18 in Maces & Flails
 14395 | Lair:5   | Reached XP level 14. HP: 129/129 MP: 13/13
 14571 | Shoals:1 | Entered Level 1 of the Shoals
 14604 | Shoals:1 | HP: 7/193 [poisoned by a merfolk impaler]
 14606 | Shoals:1 | Succumbed to a merfolk impaler's poison

Illustrated notes

Levels and vault maps discovered:
D:1:      ncdulo_smallfort, layout_loops_ring, shapermc_ecumenical_altar_gd,
          serial_shops, nicolae_diamond_shop, feat_on_display
D:2:      layout_loops_ring, corexii_item_surrounded_by_moat
D:3:      cheibrodos_old_hovel, layout_loops_cross,
          nicolae_overflow_crystal_walls, chequers_big_river,
          kennysheep_generic_room_14
D:4:      layout_basic, serial_curves, eino_curves_02, eino_curves_01
D:5:      layout_loops_cross, minmay_temple_entry_ruins, uniq_duvessa
D:6:      layout_loops_cross, lexackson_kobold_supper
D:7:      layout_basic, chequers_temple_overflow_statue_of_worship,
          enter_ossuary_2
D:8:      layout_basic, mainiacjoe_overflow_cross_hatched,
          nicolae_vehumet_radiance, lemuel_tele_altar, hangedman_feature_mirror,
          grunt_decor_resistance, uniq_maurice
D:9:      layout_grid_maze, nemelex_spade_bored_becter
D:10:     minmay_the_grid_octo_tiled_octocenter [minmay_the_grid_octo_77,
          minmay_the_grid_octo_tetromino_candy, minmay_the_grid_octo_odd_swirl,
          minmay_the_grid_octo_fan_narrow, minmay_the_grid_octo_prize_big_c,
          minmay_the_grid_square_5x5_eight_small,
          minmay_the_grid_square_5x5_n_small, minmay_the_grid_square_5x5_fat_x,
          minmay_the_grid_square_5x5_comb], layout_gridville,
          mainiacjoe_overflow_swirl, lair_entry_dummy
Temple:   nicolae_temple_slightly_damp_pantheon
Lair:1:   layout_loops_ring, lemuel_fruit_fields, serial_bayou_shore_a
Lair:2:   hellmonk_destroyed_diamonds, layout_small_grid, shoals_dummy_entry,
          basic_altar
Lair:3:   layout_roguey, spider_nest_entry_webs, chequers_serial_rivers_small_b
Lair:4:   layout_cave_shapes, slime_entry_1, grunt_megastairs_4
Lair:5:   hangedman_lair_in_review, layout_loops_ring, minivault_11
Shoals:1: layout_shoals, nicolae_shoals_water_booths

Skill      XL: |  1  2  3  4  5  6  7  8  9 10 11 12 13 |
---------------+----------------------------------------+-----
Maces & Flails | 4 5 6 7 8 10 13 15 18 | 18.6
Fighting       | 4 5 6 7 9 10 12 13 | 13.5
Armour         | 3 4 5 6 7 8 9 10 | 10.4
Dodging        | 3 4 5 6 7 8 |  8.6
Axes           | 1 6 10 11 | 11.5
Stealth        | 1 2 3 |  3.0
Throwing       | 1 2 4 |  4.3
Evocations     | |  0.1

Action                   |  1- 3 |  4- 6 |  7- 9 | 10-12 | 13-15 || total
-------------------------+-------+-------+-------+-------+-------++-------
Melee: Mace              |    70 |    81 |    16 |       |       ||   167
       Headbutt          |     7 |    15 |    38 |   112 |    71 ||   243
       Punch             |       |     1 |     1 |       |       ||     2
       Flail             |       |       |    44 |       |       ||    44
       Battleaxe         |       |       |   192 |    11 |       ||   203
       Great mace        |       |       |       |   453 |   259 ||   712
Throw: Dart              |       |       |     6 |    48 |     9 ||    63
       Throwing net      |       |       |     1 |       |       ||     1
Invok: Berserk           |       |     2 |     4 |     8 |     5 ||    19
       Trog's Hand       |       |     1 |     3 |     5 |       ||     9
Evoke: Wand              |       |       |     1 |     1 |       ||     2
  Use: Scroll            |     2 |     5 |    14 |     4 |     2 ||    27
       Potion            |       |       |       |     4 |       ||     4
 Stab: Petrified         |       |       |       |       |     4 ||     4
Armor: Scale mail        |    28 |    40 |   134 |     3 |    14 ||   219
       Ring mail         |       |       |       |   174 |    95 ||   269
Dodge: Dodged            |    33 |    38 |   170 |   366 |   199 ||   806
